 Dungeon Crawl Stone Soup version 0.28.0 (webtiles) character file.

Game seed: 10044369561006368248

893 zcamperz the Chopper (level 7, 0/61 HPs)
             Began as a Minotaur Berserker on Feb 18, 2022.
             Was a Believer of Trog.
             Slain by a gnoll (3 damage)
             ... on level 4 of the Dungeon.
             The game lasted 00:09:38 (3363 turns).

zcamperz the Chopper (Minotaur Berserker)           Turns: 3363, Time: 00:09:39

Health: 0/61       AC: 11    Str: 25    XL:     7   Next: 78%
Magic:  2/2        EV:  7    Int:  4    God:    Trog [**....]
Gold:   142        SH:  6    Dex: 10    Spells: 6/6 levels left

rFire   . . .      SeeInvis .   m - +2 whip (antimagic)
rCold   . . .      Faith    .   h - +0 kite shield
rNeg    . . .      Spirit   .   d - +0 chain mail
rPois   .          Reflect  .   (helmet restricted)
rElec   .          Harm     .   (no cloak)
rCorr   .          Rampage  .   (no gloves)
Will    ++...                   k - +0 pair of boots
Stlth   ..........              (no amulet)
HPRegen 1.20/turn               b - ring of flight
MPRegen 0.08/turn               (no ring)

@: strong-willed, flying, regenerating
A: horns 2, retaliatory headbutt, strong 1
a: Renounce Religion, Berserk, Trog's Hand


You were on level 4 of the Dungeon.
You worshipped Trog.
Trog was pleased with you.
You visited 1 branch of the dungeon, and saw 4 of its levels.

You collected 142 gold pieces.

Inventory:

Hand Weapons
 a - a +0 hand axe
 m - a +2 antimagic whip (weapon)
Armour
 d - a +0 chain mail (worn)
 h - a +0 kite shield (worn)
 k - a +0 pair of boots (worn)
Jewellery
 b - a ring of flight (left hand)
Wands
 n - a wand of paralysis (7)
Scrolls
 c - 5 scrolls of identify
 e - a scroll of silence {unknown}
 f - a scroll of teleportation {unknown}
 j - a scroll of torment {unknown}
Potions
 g - 3 potions of brilliance
 i - 3 potions of attraction {unknown}
 l - a potion of curing


   Skills:
 + Level 5.5 Fighting
 + Level 7.3(7.7) Axes
 + Level 3.8(6.0) Maces & Flails
 + Level 5.4 Armour
 + Level 3.5 Dodging
 + Level 0.2 Stealth
 + Level 0.5 Shields
 + Level 1.0 Unarmed Combat


You had 6 spell levels left.
You didn't know any spells.
Your spell library was empty.

Dungeon Overview and Level Annotations

Branches:
Dungeon (4/15)
 Temple: D:4-7

Altars:


Innate Abilities, Weirdness & Mutations

You have a pair of horns on your head.
You reflexively headbutt those who attack you in melee.
Your muscles are strong. (Str +2)


Message History

You whack the gnoll!
The gnoll is severely wounded.
You block the gnoll's attack.
You hit the gnoll but do no damage.
The gnoll is severely wounded.
You block the gnoll's attack.
You barely miss the gnoll. You headbutt the gnoll.
You kill the gnoll!
Trog accepts your kill. You block the gnoll's attack.
You see here a +0 halberd.
The gnoll hits you with a +0 flail!
* * * LOW HITPOINT WARNING * * *
You closely miss the gnoll. The gnoll barely misses you.
You barely miss the gnoll. The gnoll hits you with a +0 flail!
* * * LOW HITPOINT WARNING * * *
You hit the gnoll but do no damage. The gnoll closely misses you.
You furiously retaliate!
You headbutt the gnoll. You hit the gnoll.
The gnoll is moderately wounded.
The gnoll hits you with a +0 flail.
* * * LOW HITPOINT WARNING * * *
You hit the gnoll.
The gnoll is severely wounded.
The gnoll hits you but does no damage.
You closely miss the gnoll. You headbutt the gnoll.
The gnoll is almost dead.
The gnoll closely misses you.
You hit the gnoll but do no damage.
The gnoll is almost dead.
The gnoll hits you with a +0 flail!
* * * LOW HITPOINT WARNING * * *
You barely miss the gnoll.
The gnoll is almost dead.
The gnoll hits you but does no damage.
Unknown command.
Your skin crawls.
You feel strong-willed. The gnoll hits you with a +0 flail.
You die...

......... .... #.......#
... #.......# ##. ... .
#.......##..... ...
..#.......#..##.# #.#
............#...######.#
..................:..#.#
......g@.............#.#
..#.###)#....)..........
#.###.))...........#..
#..#..#............#..
#....#............#..
##........#.#.....)#..
#.......###.##.....#..
##......####.##...###..
#.....)))##..##.....#..


You could see a gnoll.

Vanquished Creatures
  Grinder (D:3)
  An ice beast (D:4)
  An ogre (D:4)
  A phantom (D:4)
  A water moccasin skeleton (D:4)
  A jelly (D:4)
  A bullfrog skeleton (D:4)
  Ijyb (D:3)
  Natasha (twice) (D:3)
  Terence (D:3)
  Robin (D:3)
  13 gnolls
  2 adders
  A worm (D:3)
  A dart slug (D:1)
  6 orcs
  5 endoplasms
  2 giant cockroaches
  14 goblins
  5 hobgoblins
  4 jackals (D:3)
  4 quokkas
  2 ball pythons
  2 bats (D:2)
  5 frilled lizards
  6 kobolds
  2 rats (D:2)
86 creatures vanquished.

Notes
Turn   | Place    | Note
-------+----------+-------------------------------------------
     0 | D:1      | zcamperz the Minotaur Berserker began the quest for the
                  | Orb.
     0 | D:1      | Reached XP level 1. HP: 19/19 MP: 0/0
    62 | D:1      | Found a faded altar of an unknown god.
   252 | D:1      | Reached XP level 2. HP: 27/27 MP: 1/1
   357 | D:1      | Reached skill level 4 in Axes
  1400 | D:2      | Reached XP level 3. HP: 33/33 MP: 2/2
  1575 | D:3      | Noticed Grinder
  1579 | D:3      | Paralysed by Grinder for 7 turns
  1590 | D:3      | Reached ** piety under Trog
  1594 | D:3      | Paralysed by Grinder for 7 turns
  1601 | D:3      | Gained mutation: Your magical capacity is low. (-10% MP)
                  | [potion of mutation]
  1601 | D:3      | Gained mutation: You are partially covered in iridescent
                  | scales. (AC +2) [potion of mutation]
  1604 | D:3      | Paralysed by Grinder for 6 turns
  1613 | D:3      | Paralysed by Grinder for 2 turns
  1621 | D:3      | Killed Grinder
  1622 | D:3      | Reached skill level 6 in Axes
  1622 | D:3      | Reached XP level 4. HP: 15/41 MP: 2/2
  1622 | D:3      | Reached XP level 5. HP: 17/47 MP: 3/3
  1880 | D:3      | Noticed Terence
  1918 | D:3      | Killed Terence
  1919 | D:3      | Reached XP level 6. HP: 53/53 MP: 4/4
  2370 | D:3      | Noticed Natasha
  2389 | D:3      | Killed Natasha
  2573 | D:3      | Noticed Natasha
  2581 | D:3      | Killed Natasha
  2649 | D:3      | Noticed Ijyb
  2651 | D:3      | Paralysed by Ijyb for 3 turns
  2669 | D:3      | Killed Ijyb
  2696 | D:3      | Noticed Robin
  2715 | D:3      | Killed Robin
  2716 | D:3      | Reached skill level 7 in Axes
  2921 | D:4      | Reached skill level 1 in Maces & Flails
  2923 | D:4      | Reached XP level 7. HP: 42/60 MP: 1/5
  3055 | D:4      | Lost mutation: You are partially covered in iridescent
                  | scales. (AC +2) [potion of mutation]
  3055 | D:4      | Lost mutation: Your magical capacity is low. (-10% MP)
                  | [potion of mutation]
  3055 | D:4      | Gained mutation: Your muscles are strong. (Str +2) [potion
                  | of mutation]
  3133 | D:4      | Reached skill level 5 in Fighting
  3133 | D:4      | Reached skill level 5 in Armour
  3142 | D:4      | Reached skill level 1 in Unarmed Combat
  3361 | D:4      | HP: 2/61 [gnoll (8)]
  3363 | D:4      | Slain by a gnoll

Illustrated notes

Levels and vault maps discovered:
D:1:      nzn_arrival_water_spiral, layout_basic,
          shapermc_ecumenical_altar_starsandcircs
D:2:      layout_basic, chequers_serial_rivers_micro_c
D:3:      layout_basic, minmay_misc_feat_square, uniq_grinder, uniq_terence,
          uniq_robin, uniq_natasha, uniq_ijyb
D:4:      layout_rooms

Skill      XL: |  1  2  3  4  5  6  7 |
---------------+----------------------+-----
Fighting       | 4 5 |  5.5
Axes           | 4 6 7 |  7.3
Armour         | 4 5 |  5.4
Dodging        | 3 |  3.5
Maces & Flails | 1 3 |  3.8
Unarmed Combat | 1 |  1.0
Stealth        | |  0.2
Shields        | |  0.5

Action                   |  1- 3 |  4- 6 |  7- 9 || total
-------------------------+-------+-------+-------++-------
Melee: Hand axe          |    59 |    66 |       ||   125
       Headbutt          |     8 |    17 |    11 ||    36
       Whip              |       |    54 |    67 ||   121
       Unarmed           |       |    15 |       ||    15
Invok: Berserk           |     1 |     1 |     1 ||     3
       Trog's Hand       |       |     4 |     2 ||     6
  Use: Scroll            |     1 |     1 |       ||     2
       Potion            |     1 |     2 |     1 ||     4
Armor: Chain mail        |    35 |    75 |    52 ||   162
Dodge: Dodged            |    40 |    51 |    27 ||   118
Block: Kite shield       |       |       |    27 ||    27
